AoeStats
← ccereal

Lombardia

510073299Analyzed
2v2 RM · 2d ago on Sep 29, 2026· 24m 9s· 4 players
Game mode
Random Map
Map size
Medium (4 player)
Population
200
Speed
Normal
Resources
Standard
Victory
Conquest
Starting age
Dark Age
Ending age
Imperial Age
RankedLock teamsTeams togetherTeam positionsShared explorationLock speedFull tech treeHidden civsTurbo modeCheats
Victory
Defeat
🇫🇷 Japanese · France
1600
+12
🇫🇷 Huns · France
1516
+15
🇦🇺 Dravidians · Australia
1636
-18
🇷🇺 Hindustanis · Russia
1376
-9
ccereal
6:03 Loom
8:21 Feudal Age
8:50 Double-Bit Axe
10:40 Town Watch
13:05 Fletching
19:52 Castle Age
19:45 Horse Collar
19:55 Crossbowman
21:03 Bodkin Arrow
23:46 Wheelbarrow
24:40 Padded Archer Armor
Flybidi
6:06 Loom
9:28 Feudal Age
10:04 Double-Bit Axe
10:00 Horse Collar
17:22 Forging
22:15 Castle Age
21:17 Bloodlines
21:21 Scale Barding Armor
23:20 Chain Barding Armor
22:21 Light Cavalry
23:01 Husbandry
cardinals
6:36 Loom
9:17 Feudal Age
9:52 Double-Bit Axe
11:35 Horse Collar
15:46 Town Watch
18:38 Castle Age
17:48 Gold Mining
19:37 Bow Saw
18:53 Pikeman
19:34 Squires
22:00 Wheelbarrow
23:05 Scale Mail Armor
lidyaqu
7:09 Loom
9:39 Feudal Age
12:57 Double-Bit Axe
17:30 Town Watch
18:40 Scale Mail Armor
18:47 Scale Barding Armor
22:18 Forging
Connection lost

Rejoining the realm…

Still unreachable

The connection could not be restored.

Session expired

The server has moved on; the page needs a fresh start.